 Dungeon Crawl Stone Soup version 0.29-a0-892-g2c4c91d9db (webtiles) character file.

Game seed: 6002997842841753724

65 zeratav the Stinger (level 4, -4/27 HPs)
             Began as an Octopode Venom Mage on July 22, 2022.
             Slain by an orc
             ... wielding a +0 mace
              (7 damage)
             ... on level 3 of the Dungeon.
             The game lasted 00:02:54 (2617 turns).

zeratav the Stinger (Octopode Venom Mage)           Turns: 2617, Time: 00:02:55

Health: -4/27      AC:  1    Str:  7    XL:     4   Next: 13%
Magic:  6/7        EV: 13    Int: 19    God:
Gold:   129        SH:  0    Dex: 12    Spells: 4/7 levels left

rFire   . . .      SeeInvis .   c - +0 spear {polearm}
rCold   . . .      Faith    .   (no shield)
rNeg    . . .      Spirit   .   (helmet restricted)
rPois   .          Reflect  .   (no amulet)
rElec   .          Harm     .   (no ring)
rCorr   .          Rampage  .   (no ring)
Will    .....                   (no ring)
Stlth   ++++......              (no ring)
HPRegen 0.09/turn               (no ring)
MPRegen 0.10/turn               (no ring)
                                (no ring)
                                (no ring)

@: no status effects
A: almost no armour, amphibious, 8 rings, camouflage 1, gelatinous body 1,
(nimble swimmer 1), tentacles
a: no special abilities


You were on level 3 of the Dungeon.
You visited 1 branch of the dungeon, and saw 3 of its levels.

You collected 177 gold pieces.
You spent 48 gold pieces at shops.


Innate Abilities, Weirdness & Mutations

You cannot wear most types of armour.
You are amphibious.
You can wear up to eight rings at the same time.
Your skin changes colour to match your surroundings (Stealth+).
Your rubbery body absorbs attacks. (AC +1, EV +1)
((You are camouflaged when in or above water. (Stealth+)))
You have tentacles for arms and can constrict up to eight enemies at once.


   Skills:
 - Level 2.0 Dodging
 + Level 4.7 Stealth
 - Level 2.0 Spellcasting
 - Level 1.0 Transmutations
 + Level 4.9 Poison Magic


You had 4 spell levels left.
You knew the following spells:

 Your Spells              Type           Power      Damage    Failure   Level
a - Sting                 Tmut/Pois      52%        1d5       4%          1
b - Poisonous Vapours     Pois/Air       22%        N/A       10%         2

Your spell library contained the following spells:

 Spells                   Type           Power      Damage    Failure   Level
 Slow                     Hex            4%         N/A       17%         1
 Olgreb's Toxic Radiance  Pois           20%        N/A       22%         4
 Mephitic Cloud           Conj/Pois/Air  8%         N/A       26%         3
 Confusing Touch          Hex            1%         N/A       45%         3
 Vampiric Draining        Necr           1%         2d6       45%         3

Inventory:

Hand Weapons
 c - a +0 spear (weapon) {polearm}
   (You found it on level 1 of the Dungeon)
Scrolls
 b - 2 scrolls of enchant armour {unknown}
 d - 3 scrolls of identify {@r1}
 e - a scroll of noise {unknown}
Potions
 a - a potion of magic
 f - a potion of brilliance {unknown}
 g - 3 potions of curing {unknown}
 h - a potion of cancellation {unknown}

Dungeon Overview and Level Annotations

Branches:
Dungeon (3/15) Zot: 15374

Altars:

Shops:
D:1 ?=[[=

#.........#
########..........
.................. ..
.........##...... ##..
.........##..... .#..
.............#######..#
.....<.......#.....#..##
................@......#
..........).#.#.oo#.#...
. ............#..._...#
.. .)..........#.<...<.#
...
#########...#...#...#
...> #...##...†.##.....
#....###)###......
#................#
####.............#


You could see 2 orcs.


Message History

The orc priest hits you from afar with a +0 trident.
* * * LOW HITPOINT WARNING * * *
HP[-3] MP[-1]
You take 3 damage, and now have 5/17 hp.
You lost 1 mp, and now have 1/5 mp.
Reach: c) +0 spear {polearm}
Press: ? - help, Dir - move target, f/p - orc priest
Aim: an orc priest, wielding a +0 trident (severely wounded, very poisoned, about 41% to evade your +0 spear)
You reach to attack!
You hit the orc priest.
You kill the orc priest!
Your Stealth skill increases to level 4!
You have reached level 3!
Your experience leads to an increase in your attributes!
Increase (S)trength, (I)ntelligence, or (D)exterity?
You feel clever. x2
HP[+1]
You now have 21 max hp (+4).
Casting: Sting (safe; 5% risk of failure)
Confirm with . or Enter, or press ? or * to list all spells.
Aiming: Sting (safe; 5% risk of failure)
Press: ? - help, Shift-Dir - straight line, f - orc
Aim: an orc, wielding a +0 trident and wearing a +0 leather armour (71% to hit)
The sting hits the orc.
The orc is poisoned.
The orc barely misses you.
MP[-1]
You lost 1 mp, and now have 0/6 mp.
There is a stone staircase leading up here.
The orc hits you from afar with a +0 trident.
* * * LOW HITPOINT WARNING * * *
You climb upwards.
There is a stone staircase leading down, spattered with blood here.
HP[-2]
You take 2 damage, and now have 4/21 hp.
You start resting.
HP[+17] MP[+6]
Your hp is fully restored (21).
Your mp is fully restored (6).
You climb downwards.
There is a stone staircase leading up here.
No target in view!
An orc is nearby!
There is a stone staircase leading up here.
An orc comes into view. It is wielding a +0 hand axe.
The orc closely misses you.
You reach to attack!
You closely miss the orc.
You hear an angry hiss.
An adder comes into view.
The orc hits you from afar with a +0 trident. x2
The adder moves out of view.
HP[-4]
You take 4 damage, and now have 17/21 hp.
You reach to attack!
The orc shouts!
You hit the orc.
An orc comes into view. It is wielding a +0 mace.
The orc misses you.
You reach to attack!
You hit the orc. The orc misses you.
You reach to attack!
You hit the orc.
You kill the orc!
You hit the adder. Your grab misses the adder. The adder completely misses you.
You barely miss the adder. You grab the adder. You constrict the adder.
The adder closely misses you. The adder barely misses you.
You hit the adder but do no damage. You squeeze the adder.
You constrict the adder.
You kill the adder!
The orc hits you but does no damage.
You have reached level 4!
HP[+6] MP[+1]
You now have 27 max hp (+6).
You regained 6 hp, and now have 23/27 hp.
Your mp is fully restored (7).
You hit the orc but do no damage. You grab the orc. You constrict the orc.
The orc hits you with a +0 mace! The orc closely misses you.
HP[-7]
You take 7 damage, and now have 16/27 hp.
MASSIVE DAMAGE!! (PAUSE)
You hit the orc. You constrict the orc. The orc hits you with a +0 mace!
* * * LOW HITPOINT WARNING * * *
The orc hits you with a +0 hand axe.
* * * LOW HITPOINT WARNING * * *
HP[-9]
You take 9 damage, and now have 7/27 hp.
MASSIVE DAMAGE!! (PAUSE)
You are too injured to fight recklessly!
You release your grip on the orc.
The orc attacks as you move away! The orc closely misses you.
The orc attacks as you move away! The orc barely misses you.
The orc attacks as you move away! The orc hits you with a +0 mace.
* * * LOW HITPOINT WARNING * * *
There is a faded altar of an unknown god here.
HP[-4]
You take 4 damage, and now have 3/27 hp.
The orc attacks as you move away! The orc closely misses you.
The orc attacks as you move away! The orc hits you but does no damage.
There is a stone staircase leading up here.
Casting: Sting (safe; 4% risk of failure)
Confirm with . or Enter, or press ? or * to list all spells.
Aiming: Sting (safe; 4% risk of failure)
Press: ? - help, Shift-Dir - straight line, f - orc
Aim: an orc, wielding a +0 hand axe and wearing a +0 leather armour (heavily wounded, 71% to hit)
The sting hits the orc.
The orc is poisoned.
The orc hits you with a +0 mace!
You die...

Skill      XL: |  1  2 |
---------------+-------+-----
Stealth        | 3 4 |  4.7
Poison Magic   | 4 |  4.9
Dodging        | |  2.0
Spellcasting   | |  2.0
Transmutations | |  1.0

Action                   |  1- 3 |  4- 6 || total
-------------------------+-------+-------++-------
Melee: Spear             |    56 |     2 ||    58
       Constrict         |    11 |     1 ||    12
       Tentacles         |    10 |       ||    10
 Cast: Sting             |    11 |     1 ||    12
       Poisonous Vapours |     2 |       ||     2
 Stab: Sleeping          |     4 |       ||     4
Armor: Skin              |     3 |     1 ||     4
Dodge: Dodged            |    29 |     4 ||    33

Levels and vault maps discovered:
D:1:      mainiacjoe_arrival_reflecting_pool, layout_loops_corners,
          serial_shops, nicolae_diamond_shop, nicolae_shop_trees, shop,
          nicolae_shop_overgrown_old_shop, shop_statue
D:2:      layout_rooms, hangedman_decor_points, chequers_serial_rivers_micro_a
D:3:      layout_basic, biasface_ghost_orc_armoury, nicolae_ecumenical_pavilion

Notes
Turn   | Place    | Note
-------+----------+-------------------------------------------
     0 | D:1      | zeratav the Octopode Venom Mage began the quest for the
                  | Orb.
     0 | D:1      | Reached XP level 1. HP: 11/11 MP: 3/3
     0 | D:1      | magus.rc [v1.9.6]
    22 | D:1      | Found Banuogor's Armour Emporium.
    50 | D:1      | Found Ridaceis's Jewellery Shoppe.
    80 | D:1      | You pick up a book of Debilitation and begin reading...
    80 | D:1      | You add the spells Slow, Vampiric Draining and Confusing
                  | Touch to your library.
   231 | D:1      | Found Evop's Jewellery Boutique.
   276 | D:1      | Found Icreag's Magic Scroll Emporium.
   334 | D:1      | Bought a scroll of identify for 24 gold pieces
   334 | D:1      | Bought a scroll of identify for 24 gold pieces
   437 | D:1      | Reached skill level 3 in Stealth
   606 | D:1      | Found Wyopnudu's Antique Armour Shop.
   994 | D:2      | Reached XP level 2. HP: 17/17 MP: 5/5
   999 | D:2      | Learned a level 2 spell: Poisonous Vapours
  1007 | D:2      | Reached skill level 4 in Poison Magic
  1867 | D:3      | Found a faded altar of an unknown god.
  1914 | D:3      | HP: 2/17 [orc priest/divine providence (15)]
  2354 | D:3      | Reached skill level 4 in Stealth
  2354 | D:3      | Reached XP level 3. HP: 6/21 MP: 1/6
  2356 | D:3      | HP: 4/21 [orc/+0 trident (3)]
  2611 | D:3      | Reached XP level 4. HP: 23/27 MP: 7/7
  2614 | D:3      | HP: 3/27 [orc/+0 mace (4)]
  2617 | D:3      | Slain by an orc

Vanquished Creatures
  An orc priest (D:3)
  An adder (D:3)
  2 orcs
  An endoplasm (D:1)
  2 giant cockroaches
  A goblin (D:3)
  A hobgoblin (D:2)
  2 kobolds (D:2)
  2 quokkas (D:2)
  4 ball pythons (D:2)
  3 frilled lizards
  4 rats
24 creatures vanquished.

Table legend:
 A = Non-vault XP
 B = Vault XP
 C = Vault XP percentage of total XP
 D = Non-vault monster count
 E = Vault monster count
 F = Vault count percentage of total count
                 A         B        C        D         E       F
            +---------+---------+-------+---------+---------+-------
      Total |      93 |       0 |   0.0 |      24 |       0 |   0.0
            +---------+---------+-------+---------+---------+-------
        D:1 |       8 |       0 |   0.0 |       6 |       0 |   0.0
        D:2 |      23 |       0 |   0.0 |      14 |       0 |   0.0
        D:3 |      62 |       0 |   0.0 |       4 |       0 |   0.0
            +---------+---------+-------+---------+---------+-------

Illustrated notes

Table legend:
 A = Kills in this place as a percentage of kills in entire the game.
 B = Kills by you in this place as a percentage of kills by you in the entire game.
 C = Kills by friends in this place as a percentage of kills by friends in the entire game.
 D = Other kills in this place as a percentage of other kills in the entire game.
 E = Experience gained in this place as a percentage of experience gained in the entire game.
 F = Experience gained in this place divided by the number of levels of this place that you have seen.
                   A       B       C       D       E      F
               +-------+-------+-------+-------+-------+----------------------
         Total | 100.0 | 100.0 |   N/A |   N/A | 100.0 |  31.0
       Dungeon | 100.0 | 100.0 |   N/A |   N/A | 100.0 |  31.0
               +-------+-------+-------+-------+-------+----------------------

Table legend: (Time is in decaauts)
 A = Elapsed time spent in this place.
 B = Non-inter-level travel time spent in this place.
 C = Inter-level travel time spent in this place.
 D = Time resting spent in this place.
 E = Time spent auto-exploring this place.
 F = Levels seen in this place.
 G = Mean time per level.
                   A        B        C        D        E       F      G
               +--------+--------+--------+--------+--------+-----+--------+
         Total |   2624 |   2530 |     94 |    631 |   1689 |   3 |  874.7 |
       Dungeon |   2624 |   2530 |     94 |    631 |   1689 |   3 |  874.7 |
               +--------+--------+--------+--------+--------+-----+--------+

Top non-repeatable levels by time:
     D:2: 1546 daAuts
     D:1: 989 daAuts
     D:3: 88 daAuts
